 Dungeon Crawl Stone Soup version 0.31-a0-44-g49d609d0da (webtiles) character file.

Game seed: 4925403516884812757

29632 ThomasProcell the Fighter (level 13, -5/123 HPs)
             Began as a Minotaur Fighter on May 20, 2023.
             Was a Believer of Yredelemnul.
             Slain by a skeletal warrior
             ... wielding a +0 dire flail
              (8 damage)
             ... on level 13 of the Dungeon on May 21, 2023.
             The game lasted 02:58:54 (16679 turns).

ThomasProcell the Fighter (Minotaur Fighter)       Turns: 16679, Time: 02:58:54

Health: -5/123     AC: 15    Str: 25    XL:     13   Next: 16%
Magic:  15/15      EV: 10    Int:  5    God:    Yredelemnul [**....]
Gold:   1204       SH:  0    Dex: 23    Spells: 8/12 levels left

rFire   . . .        a - +0 war axe
rCold   . . .        O - +0 kite shield
rNeg    . . .        b - +0 scale mail
rPois   .            (helmet restricted)
rElec   .            y - +1 cloak
rCorr   .            B - +0 pair of gloves
SInv    .            x - +0 pair of boots
Will    .....        P - amulet of regeneration Stlth
                     u - +6 ring of dexterity
HPRegen 1.20/turn    l - +6 ring of dexterity
MPRegen 0.14/turn

%: no passive effects
@: confused, lethally poisoned (-5 -> -18), ambrosia-drunk, studying 2 skills
A: horns 2, retaliatory headbutt
a: Renounce Religion, Recall Undead Harvest, Dark Bargain


You were on level 13 of the Dungeon.
You worshipped Yredelemnul.
Yredelemnul was noncommittal.
You visited 2 branches of the dungeon, and saw 14 of its levels.
You also visited: Bailey.

You collected 1204 gold pieces.

Inventory:

Hand Weapons
 a - a +0 war axe (weapon)
 q - a +4 spear of freezing
 I - a +5 sling of freezing
Missiles
 J - 3 silver javelins (quivered)
 Z - 3 throwing nets
Armour
 b - a +0 scale mail (worn)
 w - a +2 leather armour of fire resistance
 x - a +0 pair of boots (worn)
 y - a +1 cloak (worn)
 B - a +0 pair of gloves (worn)
 O - a +0 kite shield (worn)
 W - a scarf of shadows
Magical Staves
 r - a staff of poison
Jewellery
 l - a +6 ring of dexterity (right hand)
 u - a +6 ring of dexterity (left hand)
 P - an amulet of regeneration (around neck)
 S - a +4 ring of protection
Wands
 m - a wand of iceblast (6)
 o - a wand of digging (5)
 s - a wand of flame (8)
 D - a wand of charming (2)
 Q - a wand of polymorph (9)
Scrolls
 h - 6 scrolls of vulnerability
 i - a scroll of summoning
 j - 3 scrolls of fog
 k - a scroll of silence
 p - a scroll of enchant armour {unknown}
 z - 4 scrolls of immolation
 C - a scroll of noise {unknown}
 G - 3 scrolls of teleportation
 K - a scroll of amnesia {unknown}
 M - 3 scrolls of enchant weapon {unknown}
 N - 2 scrolls of fear
 T - 3 scrolls of identify
 V - 2 scrolls of brand weapon
Potions
 d - a potion of ambrosia
 f - 2 potions of lignification {unknown}
 g - a potion of experience {unknown}
 n - 2 potions of might
 t - 2 potions of cancellation {unknown}
 v - 2 potions of attraction {unknown}
 A - 3 potions of haste {unknown}
 L - 3 potions of berserk rage {unknown}
 U - 3 potions of flight {unknown}
 X - 4 potions of brilliance {unknown}
 Y - a potion of mutation {unknown}
Miscellaneous
 c - a lightning rod (4/4)
 e - a phantom mirror (inert)


   Skills:
 + Level 13.9 Fighting
 + Level 13.3 Axes
 + Level 13.6 Armour
 - Level 0.6 Dodging
 + Level 13.6 Shields
 + Level 5.1 Invocations


You had 8 spell levels left.
You knew the following spells:

 Your Spells              Type           Power      Damage    Failure   Level
a - Summon Lightning Spi  Summ/Air       0%         N/A       100%        4

Your spell library contained the following spells:

 Spells                   Type           Power      Damage    Failure   Level
 Static Discharge         Conj/Air       0%         2-2/arc   93%         2
 Inner Flame              Hex/Fire       0%         N/A       99%         3
 Airstrike                Air            0%         2d(0-16)  100%        4
 Flame Wave               Conj/Fire      0%         2d4       100%        4
 Sticky Flame             Conj/Fire      0%         2d3       100%        4


Dungeon Overview and Level Annotations

Branches:
Dungeon (13/15)            Temple (1/1) D:4            Lair (0/5) D:8
    Orc (0/2) D:11         Bailey (visited)
 Vaults: D:13-14

Altars:
Ashenzari
Cheibriados
Dithmenos
Elyvilon
Fedhas
Gozag
Hepliaklqana
Kikubaaqudgha
Makhleb
Nemelex Xobeh
Okawaru
Qazlal
Ru
Sif Muna
Trog
Uskayaw
Vehumet
Wu Jian
Xom
Yredelemnul
Zin
The Shining One

Shops:
D:1 (   D:5 ?(   D:8 :!=   D:9 :


Innate Abilities, Weirdness & Mutations

You have a pair of horns on your head.
You reflexively headbutt those who attack you in melee.


Message History

Your centaur warrior zombie kicks the green ugly thing but does no damage.
The skeletal warrior hits you with a +0 flail!
The skeletal warrior hits you with a +0 dire flail.
* * * LOW HITPOINT WARNING * * *
You catch the helpless green ugly thing completely off-guard!
You slice the green ugly thing!!
You kill the green ugly thing!
You hit the skeletal warrior but do no damage. x2
* * * LOW HITPOINT WARNING * * *
You feel extremely sick.
Your centaur warrior zombie hits the skeletal warrior but does no damage.
Your centaur warrior zombie barely misses the skeletal warrior.
The skeletal warrior hits you with a +0 flail.
* * * LOW HITPOINT WARNING * * *
The skeletal warrior closely misses you.
Your troll zombie bites the skeletal warrior but does no damage.
Your troll zombie claws the skeletal warrior but does no damage. x2
You are confused.
You feel invigorated.
* * * LOW HITPOINT WARNING * * *
You feel extremely sick.
Your centaur warrior zombie hits the skeletal warrior.
Your centaur warrior zombie closely misses the skeletal warrior.
Your centaur warrior zombie hits the skeletal warrior!
Your centaur warrior zombie kicks the skeletal warrior but does no damage.
The skeletal warrior hits you with a +0 flail!
* * * LOW HITPOINT WARNING * * *
The skeletal warrior barely misses you.
Are you sure you want to stumble around while confused and next to your centaur warrior zombie?
* * * LOW HITPOINT WARNING * * *
You feel extremely sick.
Your troll zombie bites the skeletal warrior but does no damage.
Your troll zombie closely misses the skeletal warrior. x2
Your centaur warrior zombie hits the skeletal warrior.
Your centaur warrior zombie kicks the skeletal warrior but does no damage.
The skeletal warrior hits you with a +0 flail.
* * * LOW HITPOINT WARNING * * *
The skeletal warrior hits you with a +0 dire flail!
You die...
Your body rises from the dead as a mindless zombie.

#....# #.....#
#....#######.....#
##.............^..#
...#'#+###........######
...#.....#[............#
...#.....#..............
...#.....#..............
...#.....#.....Zz.......
...#######......@...<#
...............Zz....#
........#########....#
......### ....# ......#
....# ####### ....#
....# #####


You could see 2 skeletal warriors, a friendly centaur warrior zombie and a
friendly troll zombie.

Vanquished Creatures
  The ghost of t4s4d4r the Thaumaturge, a journeyman DjEE of Gozag (D:10)
  A catoblepas (D:12)
  A centaur warrior (D:13)
  2 two-headed ogres (D:12)
  A sixfirhy (D:12)
  A skeletal warrior (D:13)
  Lodul (D:10)
  A necromancer (D:9)
  2 ugly things (D:13)
  A cyclops (D:9)
  A manticore (D:11)
  An elephant (D:8)
  A rust devil (D:12)
  Maurice (D:8)
  2 gargoyles
  2 kobold demonologists (D:10)
  An unseen horror (D:11)
  An ice devil (D:12)
  A meliai (D:12)
  2 hornets
  Grinder (D:6)
  5 slime creatures (D:11)
  12 yaks
  A wraith (D:10)
  2 wyverns
  10 vampire mosquitoes
  3 steam dragons
  2 water moccasins
  An acid dragon (D:9)
  4 ice beasts
  4 orc warriors
  4 black bears
  9 ogres (D:10)
  A centaur (D:12)
  2 phantoms
  5 kobold brigands
  A bullfrog (D:8)
  3 gnoll sergeants
  5 scorpions
  6 wights
  7 killer bees
  5 howler monkeys
  5 orc priests
  4 hounds
  6 iguanas
  2 jellies (D:7)
  5 gnoll boudas
  Crazy Yiuf (D:4)
  Natasha (thrice) (D:4)
  11 orc wizards
  3 polar bear simulacra (D:9)
  4 wolf simulacra (D:9)
  3 yak simulacra (D:9)
  Robin (D:4)
  25 gnolls
  13 adders
  3 ufetubi
  An orc zombie (D:10)
  2 worms (D:3)
  A dart slug (D:4)
  40 orcs
  11 endoplasms
  4 giant cockroaches
  18 goblins
  10 hobgoblins
  4 jackals
  11 kobolds
  5 quokkas
  10 ball pythons
  6 bats
  3 frilled lizards
  6 rats
  A river rat simulacrum (D:9)
340 creatures vanquished.

Vanquished Creatures (collateral kills)
  The ghost of vineage the Impaler, a journeyman MfFi of Okawaru (D:12)
  A hydra (D:13)
  2 two-headed ogres
  The ghost of Iidacon the Protected, a novice AtFi (D:9)
  A skeletal warrior (D:13)
  A steelbarb worm (shapeshifter) (D:13)
  2 gargoyles
  An orange demon (D:12)
  A queen bee (D:12)
  2 trolls
  2 hornets (D:12)
  A slime creature (D:11)
  2 shadows (D:12)
  11 yaks
  A vampire mosquito (D:13)
  A chaos spawn (D:12)
  A steam dragon (D:8)
  An orc warrior (D:10)
  A centaur (D:10)
  5 kobold brigands (D:10)
  A bullfrog (D:7)
  A scorpion (D:6)
  5 killer bees
  A howler monkey (D:9)
  An orc priest (D:8)
  2 quasits (D:12)
  A hound (D:6)
  2 gnolls (D:8)
  2 orcs
  2 goblins (D:7)
57 creatures vanquished.

Vanquished Creatures (others)
  2 slime creature zombies (D:11)
  A two-headed ogre zombie (D:12)
  2 hornet zombies
  7 vampire mosquito zombies
  A cyclops zombie (D:9)
  3 yak zombies
  2 bullfrog zombies
  A centaur zombie (D:12)
  5 killer bee zombies
  3 ogre zombies (D:10)
  A kobold zombie (D:10)
  A spectral quasit (D:12)
  2 howler monkey zombies (D:9)
  An orc (D:3)
  5 gnoll zombies
  20 orc zombies
57 creatures vanquished.

Grand Total: 454 creatures vanquished

Notes
Turn   | Place    | Note
-------+----------+-------------------------------------------
     0 | D:1      | ThomasProcell the Minotaur Fighter began the quest for the
                  | Orb.
     0 | D:1      | Reached XP level 1. HP: 19/19 MP: 0/0
   179 | D:1      | Reached XP level 2. HP: 25/27 MP: 1/1
   394 | D:1      | Found Jaust's Weapon Emporium.
   704 | D:2      | Reached XP level 3. HP: 33/33 MP: 2/2
  1134 | D:2      | Reached XP level 4. HP: 41/41 MP: 3/3
  1300 | D:3      | Found a shimmering altar of Xom.
  1501 | D:3      | Reached XP level 5. HP: 35/47 MP: 4/4
  1501 | D:3      | Identified the +2 leather armour of Focus {*Corrode rElec
                  | Dex+7}
  1699 | D:4      | Noticed Robin
  1712 | D:4      | Killed Robin
  1868 | D:4      | Reached skill level 5 in Fighting
  1868 | D:4      | Reached skill level 5 in Armour
  1868 | D:4      | Reached skill level 5 in Shields
  1949 | D:4      | Reached XP level 6. HP: 27/53 MP: 5/5
  2407 | D:4      | Noticed Natasha
  2414 | D:4      | Killed Natasha
  2567 | D:4      | Found a staircase to the Ecumenical Temple.
  2598 | D:4      | Found a burning altar of Makhleb.
  2669 | D:4      | Noticed Natasha
  2675 | D:4      | Killed Natasha
  2702 | D:4      | Noticed Natasha
  2742 | D:4      | Killed Natasha
  2761 | D:4      | Noticed an ice beast
  2769 | D:4      | Killed an ice beast
  2770 | D:4      | Reached skill level 5 in Axes
  2770 | D:4      | Reached XP level 7. HP: 54/62 MP: 6/6
  2851 | D:4      | Found a runed translucent door.
  2852 | D:4      | Noticed Crazy Yiuf
  2860 | D:4      | Killed Crazy Yiuf
  3142 | Temple   | Entered the Ecumenical Temple
  3321 | D:5      | Entered Level 5 of the Dungeon
  3453 | D:5      | Found Izulune's Weapon Boutique.
  3482 | D:5      | Reached XP level 8. HP: 71/71 MP: 7/7
  3654 | D:5      | Found Huberphe's Magic Scroll Shoppe.
  3843 | D:6      | Noticed Grinder
  3876 | D:6      | Killed Grinder
  4166 | D:6      | Found a radiant altar of Vehumet.
  4169 | D:6      | Found a sparkling altar of Nemelex Xobeh.
  4172 | D:6      | Found a basalt altar of Yredelemnul.
  4175 | D:6      | Found a stormy altar of Qazlal.
  4186 | D:6      | Reached XP level 9. HP: 75/81 MP: 8/8
  4192 | D:6      | Became a worshipper of Yredelemnul the Dark
  4260 | D:6      | Found an iron altar of Okawaru.
  4542 | D:6      | Reached * piety under Yredelemnul
  5005 | D:7      | Found a flagged portal.
  5018 | D:7      | Reached ** piety under Yredelemnul
  5160 | Bailey   | Entered a bailey
  6054 | D:8      | Found Xugal's Distillery.
  6059 | D:8      | Found Soh Yfill's Jewellery Emporium.
  6060 | D:8      | Found a shadowy altar of Dithmenos.
  6071 | D:8      | Found Abeuhe's Weapon Boutique.
  6301 | D:8      | Noticed a two-headed ogre
  6311 | D:8      | Killed a two-headed ogre
  6312 | D:8      | Reached XP level 10. HP: 87/91 MP: 9/9
  6431 | D:8      | Found Noybrar's Book Shop.
  6458 | D:8      | Noticed Maurice
  6465 | D:8      | Reached *** piety under Yredelemnul
  6489 | D:8      | Killed Maurice
  6490 | D:8      | Reached skill level 10 in Fighting
  6498 | D:8      | Reached skill level 10 in Shields
  6570 | D:8      | Reached skill level 10 in Armour
  6581 | D:8      | Reached **** piety under Yredelemnul
  6702 | D:8      | Noticed an elephant
  6704 | D:8      | Found a staircase to the Lair.
  6720 | D:8      | Killed an elephant
  7114 | D:9      | Reached skill level 10 in Axes
  7178 | D:9      | Noticed a necromancer
  7222 | D:9      | Killed a necromancer
  7579 | D:9      | Found Qeixuwk's Book Boutique.
  7622 | D:9      | Reached XP level 11. HP: 101/101 MP: 10/10
  7623 | D:9      | Found a runed translucent door.
  7624 | D:9      | Noticed Iidacon's ghost (novice AtFi)
  7656 | D:9      | Killed Iidacon's ghost
  7777 | D:9      | Found an ornate altar of the Wu Jian Council.
  7867 | D:9      | Reached ***** piety under Yredelemnul
  8146 | D:10     | Entered Level 10 of the Dungeon
  8194 | D:10     | Found a bloodstained altar of Trog.
  8201 | D:10     | Found an opulent altar of Gozag.
  8201 | D:10     | Found an ancient bone altar of Kikubaaqudgha.
  8238 | D:10     | Paralysed by a hornet for 3 turns
  8469 | D:10     | Noticed a two-headed ogre
  8474 | D:10     | Killed a two-headed ogre
  8594 | D:10     | Noticed Lodul
  8616 | D:10     | Killed Lodul
  9111 | D:10     | Found a runed translucent gate.
  9111 | D:10     | Found a runed translucent gate.
  9111 | D:10     | Found a runed translucent gate.
  9214 | D:10     | Noticed t4s4d4r's ghost (journeyman DjEE)
 10106 | D:10     | Noticed a sixfirhy
 10121 | D:10     | Noticed a sixfirhy
 10129 | D:10     | Killed t4s4d4r's ghost
 10232 | D:10     | Learned a level 4 spell: Summon Lightning Spire
 10671 | D:11     | Found a burning altar of Makhleb.
 10671 | D:11     | Noticed a green death
 10764 | D:11     | Found a staircase to the Orcish Mines.
 11042 | D:11     | HP: 5/104 [very large slime creature (14)]
 11055 | D:11     | Reached skill level 1 in Invocations
 11055 | D:11     | Reached XP level 12. HP: 17/112 MP: 11/11
 12785 | D:12     | Noticed a two-headed ogre
 12798 | D:12     | Killed a two-headed ogre
 12996 | D:12     | Noticed a catoblepas
 13005 | D:12     | Killed a catoblepas
 13540 | D:12     | Noticed a two-headed ogre
 13559 | D:12     | Killed a two-headed ogre
 14051 | D:12     | Reached ****** piety under Yredelemnul
 14586 | D:12     | Noticed vineage's ghost (journeyman MfFi)
 14807 | D:12     | Found a transporter.
 14909 | D:12     | Found a transporter.
 14926 | D:12     | Paralysed by a hornet for 3 turns
 14984 | D:12     | HP: 2/115 [vineage's ghost (12)]
 14999 | D:12     | Killed vineage's ghost
 16374 | D:13     | Noticed a centaur warrior
 16394 | D:13     | Killed a centaur warrior
 16395 | D:13     | Reached XP level 13. HP: 81/122 MP: 15/15
 16676 | D:13     | Reached skill level 5 in Invocations
 16678 | D:13     | HP: 5/123 [skeletal warrior/+0 flail (11)]
 16679 | D:13     | Slain by a skeletal warrior

Illustrated notes

Levels and vault maps discovered:
D:1:      amcnicky_arrival_double_pillar, layout_loops_ring, serial_shops, shop
D:2:      layout_rooms, minmay_ruptured
D:3:      minmay_angry_zag, layout_rooms, xom_confusion_cloud
D:4:      layout_loops_ring, lightli_temple_of_fire, minmay_temple_entry_hall,
          minivault_27, chequers_big_river, minmay_manual_mullet, uniq_robin,
          uniq_natasha, uniq_crazy_yiuf_cottage
D:5:      layout_rooms, serial_shops, shop, shop
D:6:      minmay_razor_zed, layout_rooms, lemuel_doored_altar,
          grunt_temple_overflow_cloverleaf, dreamdust_wishing_well, uniq_grinder
D:7:      layout_cave_pods, enter_bailey_5
D:8:      layout_cave_pools, grunt_dithmenos_smoke_and_mirrors,
          david_lair_generic, serial_shops,
          nicolae_shop_temple_entry_statues_fountains,
          nicolae_shop_bloodbath_and_beyond, kennysheep_mini_moat, shop,
          uniq_maurice
D:9:      layout_rooms, lemuel_coloured_pillars_altar, serial_shops, shop,
          ebering_ghost_inner_flame, minmay_stone_trees_small,
          eino_house_with_fridge
D:10:     layout_irregular_city, grunt_temple_overflow_open,
          gammafunk_ghost_nasty_kobolds, uniq_lodul
D:11:     layout_layer_cave, david_orc_2, makhleb_altar_promises_db
D:12:     layout_irregular_city, gammafunk_ghost_hive, serial_demonic,
          serial_demonic_e, serial_demonic_b, serial_demonic_e,
          serial_demonic_d, serial_demonic_e, serial_demonic_b,
          serial_demonic_b, serial_demonic_g
D:13:     layout_irregular_city, hangedman_vaults_entry_quadrant_bands,
          gauntlet_entry_generic, ebering_ghost_reflecting_pool
Temple:   eino_wide_crystal_templ

Skill      XL: |  1  2  3  4  5  6  7  8  9 10 11 12 13 |
---------------+----------------------------------------+-----
Fighting       | 4 5 6 7 9 10 12 13 | 13.9
Shields        | 4 5 6 7 9 10 12 13 | 13.6
Axes           | 3 4 5 6 7 9 10 11 13 | 13.3
Armour         | 4 5 6 7 9 10 12 13 | 13.6
Invocations    | 1 4 5 |  5.1
Dodging        | |  0.6

Action                     |  1- 3 |  4- 6 |  7- 9 | 10-12 | 13-15 || total
---------------------------+-------+-------+-------+-------+-------++-------
  Melee: War axe           |    68 |   136 |   261 |   495 |    27 ||   987
         Headbutt          |     8 |    16 |    57 |   135 |    11 ||   227
  Evoke: Wand              |       |       |       |     6 |       ||     6
         Phantom mirror    |       |       |       |     2 |       ||     2
    Use: Scroll            |       |       |       |    11 |       ||    11
         Potion            |       |       |       |    14 |     1 ||    15
   Stab: Distracted        |       |       |     2 |     6 |     1 ||     9
 Armour: Scale mail        |    25 |    61 |   133 |   187 |    10 ||   416
  Dodge: Dodged            |    32 |    65 |   133 |   170 |     9 ||   409
  Block: Buckler           |    21 |    27 |       |       |       ||    48
         Kite shield       |       |    15 |   198 |   334 |    19 ||   566

Table legend: (Time is in decaauts)
 A = Elapsed time spent in this place.
 B = Non-inter-level travel time spent in this place.
 C = Inter-level travel time spent in this place.
 D = Time resting spent in this place.
 E = Time spent auto-exploring this place.
 F = Levels seen in this place.
 G = Mean time per level.
                   A        B        C        D        E       F      G
               +--------+--------+--------+--------+--------+-----+--------+
         Total |  16847 |  15082 |   1765 |   6727 |     69 |  15 | 1123.1 |
       Dungeon |  16487 |  14760 |   1727 |   6645 |     69 |  13 | 1268.2 |
        Temple |     97 |     59 |     38 |      0 |      0 |   1 |   97.0 |
        Bailey |    261 |    261 |      0 |     82 |      0 |   1 |  261.0 |
               +--------+--------+--------+--------+--------+-----+--------+

Top non-repeatable levels by time:
    D:12: 3392 daAuts
    D:10: 2453 daAuts
    D:11: 2192 daAuts
     D:4: 1589 daAuts
     D:6: 1072 daAuts
     D:9: 1059 daAuts
     D:8: 1056 daAuts
     D:7: 1010 daAuts
     D:1: 673 daAuts
     D:2: 624 daAuts
    D:13: 488 daAuts
     D:3: 440 daAuts
     D:5: 434 daAuts
  Bailey: 261 daAuts
  Temple: 97 daAuts
